 Dungeon Crawl Stone Soup version 0.25-a0-1132-g9d38388ac0 (webtiles) character file.

Game seed: 9803787260077714567, levelgen mode: deterministic

40 trolface1997 the Chopper (level 3, 0/31 HPs)
             Began as a Hill Orc Monk on May 20, 2020.
             Killed from afar by an orc wizard (7 damage)
             ... with a puff of frost
             ... on level 2 of the Dungeon.
             The game lasted 00:08:51 (2403 turns).

trolface1997 the Chopper (Hill Orc Monk)            Turns: 2403, Time: 00:08:53

Health: 0/31       AC:  8    Str: 14    XL:     3   Next: 50%
Magic:  3/3        EV:  8    Int: 10    God:
Gold:   90         SH:  7    Dex: 13    Spells: 2/2 levels left

rFire    . . .     SeeInvis .   a - +1 hand axe
rCold    . . .     Gourm    .   q - +0 kite shield
rNeg     . . .     Faith    .   u - +0 ring mail
rPois    .         Spirit   .   (no helmet)
rElec    .         Reflect  .   h - +0 cloak
rCorr    .         Harm     .   (no gloves)
MR       .....                  p - +1 pair of boots
Stlth    +.........             (no amulet)
HPRegen  0.10/turn              (no ring)
MPRegen  0.08/turn              (no ring)

@: lethally poisoned (0 -> -41)
A: no striking features
a: no special abilities


You were on level 2 of the Dungeon.
You were not hungry.

You visited 1 branch of the dungeon, and saw 3 of its levels.

You collected 90 gold pieces.

Inventory:

Hand Weapons
 a - a +1 hand axe (weapon)
Missiles
 f - 110 stones (quivered)
Armour
 b - a +0 robe
 h - a +0 cloak (worn)
 p - a +1 pair of boots (worn)
 q - a +0 kite shield (worn)
 u - a +0 ring mail (worn)
 v - a +0 plate armour
Jewellery
 k - an uncursed amulet of faith
Scrolls
 g - 2 scrolls of identify
 i - a scroll of enchant armour
 n - a scroll of teleportation {unknown}
 r - a scroll of amnesia {unknown}
 t - a scroll of remove curse {unknown}
 x - 2 scrolls of noise
 y - a scroll of enchant weapon
Potions
 d - 2 potions of degeneration {unknown}
 e - a potion of resistance {unknown}
 j - 4 potions of brilliance {unknown}
 l - 2 potions of flight {unknown}
 m - a potion of curing {unknown}
 o - a potion of heal wounds {unknown}
 s - a potion of lignification {unknown}
 w - a potion of ambrosia {unknown}
Comestibles
 c - 4 rations


   Skills:
 - Level 3.6 Fighting
 * Level 5.2 Axes
 + Level 1.5 Armour
 - Level 2.4 Dodging
 - Level 1.5 Stealth
 + Level 0.8 Shields


You had 2 spell levels left.
You didn't know any spells.
Your spell library was empty.

Dungeon Overview and Level Annotations

Branches:
Dungeon (3/15)

Altars:


Message History

You are more poisoned.
The orc hits you but does no damage. The orc wizard closely misses you.
You closely miss the orc wizard.
The orc wizard is severely wounded.
You hit the orc but do no damage.
You feel very sick.
The orc wizard hits you but does no damage.
You are more poisoned.
You block the orc's attack.
The orc wizard hits you but does no damage.
You are more poisoned.
The orc hits you but does no damage.
You barely miss the orc wizard.
The orc wizard is severely wounded.
You hit the orc but do no damage.
* * * LOW HITPOINT WARNING * * *
You feel very sick.
The orc wizard points at you and mumbles some strange words.
The puff of frost hits you!
You die...

#......>..##.#..## ###...
#..............## #....
#.........##.### #....
#............# ####....
#..........### #.......
######.###.#######.##....
#..##.#.......##....
##.#....########....
#o@..### ##... ##)o.# ##..
###### #....# ###
#....####....# ###..
#....#.....#.# ##...#
#......#..##.#########..###
#..........................
#....##..###.#########.####
#....##.####.#####.....# #


You could see an orc wizard (fast) and an orc.

Vanquished Creatures
  An adder (D:2)
  An ooze (D:2)
  2 dart slugs (D:2)
  An orc (D:2)
  3 goblins
  3 hobgoblins
  3 kobolds
  A ball python (D:1)
  2 bats (D:2)
  2 frilled lizards
  5 rats (D:1)
24 creatures vanquished.

Notes
Turn   | Place    | Note
-------+----------+-------------------------------------------
     0 | D:1      | trolface1997 the Hill Orc Monk began the quest for the Orb.
     0 | D:1      | Reached XP level 1. HP: 19/19 MP: 1/1
   463 | D:1      | Reached XP level 2. HP: 26/26 MP: 2/2
  1038 | D:1      | Reached skill level 1 in Armour
  1670 | D:2      | Reached skill level 5 in Axes
  1734 | D:2      | Reached XP level 3. HP: 31/31 MP: 3/3
  2403 | D:2      | Killed from afar by an orc wizard

Illustrated notes

Levels and vault maps discovered:
D:1:      eino_arrival_cavern_b, layout_basic
D:2:      layout_rooms, first_ration
D:3:      layout_rooms, grunt_temple_overflow_open, uniq_ijyb

Skill      XL: |  1  2 |
---------------+-------+-----
Armour         | 1 |  1.5
Axes           | 5 |  5.2
Fighting       | |  3.6
Dodging        | |  2.4
Stealth        | |  1.5
Shields        | |  0.8

Action                   || total
-------------------------++-------
Melee: Hand axe          ||    89
  Use: Scroll            ||     4
 Stab: Sleeping          ||     3
  Eat: Chunk             ||     2
       Ration            ||     1
Armor: Robe              ||     9
       Ring mail         ||    28
Dodge: Dodged            ||    32
Block: Kite shield       ||    20

Table legend:
 A = Non-vault XP
 B = Vault XP
 C = Vault XP percentage of total XP
 D = Non-vault monster count
 E = Vault monster count
 F = Vault count percentage of total count
                 A         B        C        D         E       F
            +---------+---------+-------+---------+---------+-------
      Total |      58 |       0 |   0.0 |      24 |       0 |   0.0
            +---------+---------+-------+---------+---------+-------
        D:1 |      18 |       0 |   0.0 |      13 |       0 |   0.0
        D:2 |      40 |       0 |   0.0 |      11 |       0 |   0.0
            +---------+---------+-------+---------+---------+-------
